 Dungeon Crawl Stone Soup version 0.18.1-6-gd335043 (webtiles) character file.

1272 Lloydski the Ducker (level 8, 76/78 HPs)
             Began as a Troll Fighter on May 16, 2016.
             Starved to death
             ... while paralysed by an orc priest
             ... on level 7 of the Dungeon.
             The game lasted 00:30:53 (2840 turns).

Lloydski the Ducker (Troll Fighter)                 Turns: 2840, Time: 00:30:54

Health: 76/78      AC:  5    Str: 29    XL:     8   Next: 28%
Magic:  7/7        EV:  1    Int:  4    God:    Xom [....*.]
Gold:   232        SH:  0    Dex:  9    Spells: 0 memorised, 7 levels left

rFire  + . .     SeeInvis .     d - +1 falchion (distort)
rCold  . . .     Gourm    +     E - +0 robe
rNeg   . . .     Faith    .     b - +0 shield
rPois  .         Spirit   .     (helmet restricted)
rElec  .         Dismiss  .     (no cloak)
rCorr  .         Reflect  +     (gloves unavailable)
SustAt .         Harm     .     (boots unavailable)
MR     .....                    w - +6 amulet of reflection
Stlth  +.........               g - ring of protection from fire
                                p - +2 ring of strength

@: paralysed, fainting, not resistant to hostile enchantments, very unstealthy
A: unfitting armour, claws 3, fast metabolism 3, gourmand, regeneration 2,
shaggy fur 1, tough skin 2
a: Renounce Religion


You were on level 7 of the Dungeon.
You worshipped Xom.
You were a beloved toy of Xom.
You were fainting.

You visited 1 branch of the dungeon, and saw 6 of its levels.

You collected 232 gold pieces.

Inventory:

Hand Weapons
 c - a +0 flail
 d - a +1 falchion of distortion (weapon)
 m - a +0 spear
 r - a +0 mace {SOSUOX KOES}
 B - a +0 dagger
 D - a +0 hand axe
 F - a cursed -3 dagger
Armour
 a - a +0 robe
 b - a +0 shield (worn)
 h - a +0 chain mail
 i - a cursed +0 leather armour
 j - a +0 ring mail
 v - a +0 pair of gloves
 E - a +0 robe (worn)
 G - a +0 robe
Jewellery
 f - an uncursed ring of protection from cold
 g - a ring of protection from fire (right claw)
 p - a +2 ring of strength (left claw)
 w - a +6 amulet of reflection (around neck)
 x - a cursed -3 ring of evasion {unknown}
Wands
 s - a wand of polymorph (12/24)
Scrolls
 l - 2 scrolls of remove curse {unknown}
 o - 4 scrolls of identify {unknown}
 q - 5 scrolls of blinking {unknown}
 t - a scroll of teleportation {unknown}
 u - a scroll of enchant weapon {unknown}
 y - a scroll of amnesia {unknown}
 A - a scroll of fog
Potions
 e - a potion of haste
 n - a potion of resistance
 z - 2 potions of flight {unknown}


   Skills:
 + Level 4.1 Fighting
 + Level 0.1 Maces & Flails
 + Level 5.4 Dodging
 + Level 0.9 Stealth
 + Level 4.9 Shields
 + Level 4.8 Unarmed Combat


You had 7 spell levels left.
You didn't know any spells.

Dungeon Overview and Level Annotations

Branches:
Dungeon (7/15)
 Temple: D:4-7

Altars:
Fedhas
Gozag
Nemelex Xobeh
Ru
Vehumet
Xom


Innate Abilities, Weirdness & Mutations

You are too large for most types of armour.
You have claws for hands.
Your metabolism is lightning-fast.
You like to eat raw meat.
You heal very quickly.
You are covered in fur (AC +1).
You have very tough skin (AC +2).


Message History

The orc wizard is heavily wounded.
You block the orc wizard's attack. You block the orc's attack.
The orc priest barely misses you. The orc wizard barely misses you.
The orc closely misses you.
You hit the orc wizard.
Space bends around the orc wizard.
You kill the orc wizard!
The orc priest hits you but does no damage.
The orc barely misses you. You block the orc's attack.
Items here: $ ) ? [ a dagger; a robe; a scroll labeled DESOUG JIDDOK; 14 gold pieces You barely miss the orc priest.
The orc priest is moderately wounded.
The orc priest zaps a wand.
You resist with some effort. You block the orc's attack.
You block the orc's attack. The orc closely misses you.
The orc priest zaps a wand.
You suddenly lose the ability to move!
You have starved to death.
You die...
Xom laughs nastily!

#.# .# #.# .# #.# .#
#.# ∆ .# ##.#
#########.#.##.#
...........∆ #.#
.......o.#####.#####
#...o@)..........#
#.####o#####.###.#
#(# #.# ∆ #.#
#.#.....[. ∆ o o #.#
## ##...## o o ..#
.## ..# # ∆ #... ∆
#..#


You could see an orc priest and 2 orcs.

Vanquished Creatures
  A water moccasin (D:6)
  An orc warrior (D:6)
  An ice beast (D:5)
  A sky beast (D:5)
  A black bear (D:7)
  A centaur (D:5)
  A scorpion (D:5)
  2 giant frog zombies (D:6)
  A crimson imp (D:7)
  An iguana (D:5)
  An orc priest (D:6)
  4 orc wizards
  A worker ant (D:5)
  A hound skeleton (D:5)
  4 adders
  A howler monkey skeleton (D:5)
  A shadow imp (D:7)
  2 adder skeletons (D:2)
  A worm (D:2)
  4 dart slugs
  2 giant geckos
  13 orcs
  5 giant cockroaches
  3 hobgoblins
  2 jackals (D:1)
  4 kobolds
  5 quokkas (D:2)
  2 bats (D:2)
  A giant gecko zombie (D:2)
  6 giant newts
  8 goblins
  A quokka skeleton (D:6)
  5 rats
  A fungus (D:1)
  A withered plant (D:2)
90 creatures vanquished.

Vanquished Creatures (collateral kills)
  An adder (D:6)
1 creature vanquished.

Vanquished Creatures (others)
  The ghost of NoLuckNoSkill the Thaumaturge, a novice DECj of Vehumet (D:6)
  A fulminant prism (D:6)
2 creatures vanquished.

Grand Total: 93 creatures vanquished

Notes
Turn   | Place    | Note
--------------------------------------------------------------
     0 | D:1      | Lloydski the Troll Fighter began the quest for the Orb.
     0 | D:1      | Reached XP level 1. HP: 22/22 MP: 0/0
   270 | D:1      | Reached XP level 2. HP: 28/29 MP: 1/1
   648 | D:2      | Reached XP level 3. HP: 36/36 MP: 2/2
   779 | D:2      | Found an opulent altar of Gozag.
   785 | D:2      | Found a shimmering altar of Xom.
   792 | D:2      | Found a blossoming altar of Fedhas.
   792 | D:2      | Found a sparkling altar of Nemelex Xobeh.
   795 | D:2      | Found a radiant altar of Vehumet.
   831 | D:2      | Became a worshipper of Xom of Chaos
   926 | D:2      | XOM: harmless Hex miscast
  1132 | D:2      | Reached skill level 3 in Dodging
  1194 | D:2      | Reached XP level 4. HP: 45/45 MP: 3/3
  1460 | D:2      | XOM: cast spell 'Summon Butterflies'
  1543 | D:3      | You fall through a shaft for 2 floors!
  1543 | D:5      | Entered Level 5 of the Dungeon
  1580 | D:5      | Found a sacrificial altar of Ru.
  1590 | D:5      | XOM: noise
  1594 | D:5      | XOM: medium Pois miscast
  1612 | D:5      | Noticed a sky beast
  1619 | D:5      | XOM: enchant monster (bad)
  1626 | D:5      | Killed a sky beast
  1626 | D:5      | Reached XP level 5. HP: 27/53 MP: 4/4
  1657 | D:5      | XOM: medium Tloc miscast
  1658 | D:5      | XOM: polymorph adder -> giant cockroach
  1747 | D:5      | Noticed an ice beast
  1775 | D:5      | Killed an ice beast
  1775 | D:5      | Reached XP level 6. HP: 45/61 MP: 5/5
  1810 | D:5      | Reached skill level 4 in Dodging
  2070 | D:5      | Reached XP level 7. HP: 33/67 MP: 6/6
  2110 | D:5      | XOM: harmless Tloc miscast
  2120 | D:6      | Noticed NoLuckNoSkill's ghost (novice DECj)
  2129 | D:6      | Killed NoLuckNoSkill's ghost
  2129 | D:6      | XOM: butterfly on damage
  2176 | D:6      | XOM: summons 3 friendly demons
  2253 | D:6      | XOM: enchant monster (good)
  2255 | D:6      | Reached skill level 5 in Dodging
  2255 | D:6      | Reached XP level 8. HP: 34/78 MP: 7/7
  2255 | D:6      | XOM: scenery: create altars
  2396 | D:6      | Found a radiant altar of Vehumet.
  2649 | D:6      | XOM: vitrification
  2706 | D:7      | XOM: god gift: gnarled glowing staff {god gift}
  2767 | D:7      | XOM: swap monsters
  2795 | D:7      | XOM: divination: detect creatures
  2827 | D:7      | XOM: divination: detect items
  2839 | D:7      | Paralysed by an orc priest for 7 turns
  2840 | D:7      | Starved to death

Skill      XL: |  1  2  3  4  5  6  7 |
---------------+----------------------+-----
Fighting       | 3 4 |  4.1
Dodging        | 3 4 5 |  5.4
Shields        | 3 4 |  4.9
Unarmed Combat | 3 4 |  4.8
Maces & Flails | |  0.1
Stealth        | |  0.9

Action                   |  1- 3 |  4- 6 |  7- 9 || total
-------------------------+-------+-------+-------++-------
Melee: Unarmed           |   139 |   110 |   109 ||   358
       Mace              |    19 |    11 |       ||    30
       Flail             |       |       |     6 ||     6
       Falchion          |       |       |    27 ||    27
  Use: Potion            |       |     4 |     1 ||     5
       Scroll            |       |     1 |     2 ||     3
 Stab: Paralysed         |       |       |     2 ||     2
  Eat: Pizza             |     1 |       |       ||     1
       Bread ration      |     2 |     1 |       ||     3
       Beef jerky        |       |     1 |       ||     1
       Chunk             |       |       |     5 ||     5
Armor: Robe              |    46 |    16 |    18 ||    80
Dodge: Dodged            |    39 |    17 |    30 ||    86
Block: Shield            |    61 |    86 |   104 ||   251
       Reflection        |       |       |     1 ||     1
